 Dungeon Crawl Stone Soup version 0.29.1-1-gd02db6906a (webtiles) character file.

Game seed: 7574737343898756987

2882 RogueRain17 the Covert (level 9, -5/34 HPs)
             Began as a Felid Conjurer on Sept 25, 2022.
             Was a Believer of Sif Muna.
             Slain by a five-headed hydra (7 damage)
             ... on level 1 of the Lair of Beasts.
             The game lasted 00:42:18 (12424 turns).

RogueRain17 the Covert (Felid Conjurer)            Turns: 12424, Time: 00:42:19

Health: -5/34      AC:  2    Str:  3    XL:     9   Next: 48%
Magic:  3/14       EV: 18    Int: 27    God:    Sif Muna [**....]
Gold:   421        SH:  0    Dex: 15    Spells: 4/12 levels left
                                        Lives:  0   Deaths: 2

rFire   . . .      SeeInvis +   (weapon unavailable)
rCold   + . .      Faith    .   (shield unavailable)
rNeg    . . .      Spirit   .   (body armour unavailable)
rPois   .          Reflect  .   (helmet unavailable)
rElec   .          Harm     .   (cloak unavailable)
rCorr   +          Rampage  .   (gloves unavailable)
Will    +....                   (boots unavailable)
Stlth   ++++......              (no amulet)
HPRegen 0.11/turn               c - ring "Tixzing" {Drain +Blink Fly rCorr Int+4}
MPRegen 0.14/turn               d - ring of protection from cold

@: flying, quick
A: very small, claws 1, fangs 3, see invisible, speed 1, shaggy fur 2, stealthy
paws, no weapons or thrown items, no armour, multi-lived
a: Renounce Religion, Evoke Blink, Channel Magic


You were on level 1 of the Lair of Beasts.
You worshipped Sif Muna.
Sif Muna was pleased with you.
You visited 3 branches of the dungeon, and saw 12 of its levels.
You also visited: Sewer.

You collected 421 gold pieces.

Inventory:

Jewellery
 c - the ring "Tixzing" (left paw) {Drain +Blink Fly rCorr Int+4}
   (You acquired it on level 2 of the Dungeon)

   [ring of flight]

   Int:       It affects your intelligence (+4).
   Fly:       It grants you flight.
   +Blink:    It lets you blink.
   rCorr:     It protects you from acid and corrosion.
   Drain:     It drains your maximum health when unequipped.
 d - a ring of protection from cold (right paw)
 A - a ring of ice
Wands
 r - a wand of roots (6)
 v - a wand of flame (27)
 x - a wand of mindburst (8)
 y - a wand of paralysis (1)
Scrolls
 a - 2 scrolls of identify
 e - 3 scrolls of blinking
 k - 2 scrolls of torment
 l - a scroll of fear
 m - 6 scrolls of teleportation
 t - a scroll of amnesia
 u - 2 scrolls of poison
 B - a scroll of butterflies {unknown}
 C - 2 scrolls of vulnerability {unknown}
Potions
 b - 3 potions of mutation
 f - 2 potions of attraction
 g - a potion of ambrosia {unknown}
 h - 4 potions of degeneration {unknown}
 i - 2 potions of heal wounds {unknown}
 j - 3 potions of brilliance {unknown}
 n - 3 potions of curing
 o - a potion of cancellation {unknown}
 p - 2 potions of invisibility {unknown}
 q - 2 potions of resistance {unknown}
 s - 4 potions of might
 z - a potion of lignification {unknown}


   Skills:
 + Level 4.0 Dodging
 - Level 10.0 Stealth
 - Level 2.0 Spellcasting
 - Level 10.0 Conjurations
 + Level 3.5 Fire Magic
 + Level 5.7 Invocations
 + Level 2.2 Evocations


You had 4 spell levels left.
You knew the following spells:

 Your Spells              Type           Power      Damage    Failure   Level
a - Magic Dart            Conj           100%       1d8       1%          1
b - Searing Ray           Conj           100%       2d8       1%          2
c - Foxfire               Conj/Fire      100%       2x1d9     1%          1
d - Flame Wave            Conj/Fire      39%        2d11      6%          4

Your spell library contained the following spells:

 Spells                   Type           Power      Damage    Failure   Level
 Static Discharge         Conj/Air       29%        3-7/arc   1%          2
 Conjure Flame            Conj/Fire      39%        6-21      1%          3
 Dazzling Flash           Conj/Hex       58%        N/A       3%          3
 Sticky Flame             Conj/Fire      39%        2d6       6%          4
 Freeze                   Ice            8%         1d3       10%         1
 Sting                    Tmut/Pois      8%         1d3       10%         1
 Fulminant Prism          Conj/Hex       14%        3d9       12%         4
 Hailstorm                Conj/Ice       29%        3d8       12%         4
 Iskenderun's Mystic Bla  Conj/Tloc      29%        2d7       12%         4
 Ensorcelled Hibernation  Hex/Ice        4%         N/A       14%         2
 Passwall                 Tmut/Erth      1%         N/A       14%         2
 Poisonous Vapours        Pois/Air       4%         N/A       14%         2
 Inner Flame              Hex/Fire       12%        N/A       14%         3
 Ignite Poison            Fire/Tmut/Pois 9%         N/A       19%         3
 Frozen Ramparts          Ice            4%         1d1       28%         3
 Swiftness                Air            2%         N/A       28%         3
 Olgreb's Toxic Radiance  Pois           2%         N/A       67%         4
 Lightning Bolt           Conj/Air       14%        1d28      34%         5
 Iron Shot                Conj/Erth      14%        9d4       88%         6
 Blade Hands              Tmut           1%         N/A       95%         5
 Maxwell's Capacitive Co  Air            1%         ∞         100%        8
 Animate Armour           Summ/Erth      Unusable   N/A       N/A         4

Dungeon Overview and Level Annotations

Branches:
Dungeon (10/15)            Temple (1/1) D:4            Lair (1/5) D:9
  Sewer (visited)
    Orc: D:9-12

Altars:
Cheibriados
Dithmenos
Elyvilon
Fedhas
Gozag
Hepliaklqana
Kikubaaqudgha
Makhleb
Nemelex Xobeh
Okawaru
Qazlal
Ru
Sif Muna
Trog
Uskayaw
Vehumet
Wu Jian
Xom
Yredelemnul
Zin
The Shining One

Shops:
D:5 !   D:6 *

Annotations:
D:5 exclusion: yak, Pikel
D:8 2 transporters, exclusion: boulder beetle, Du3lingdragon's ghost, novice MiFi; Maggie
D:10 exclusions: 2 killer bees and 7 more exclusions, Harold


Innate Abilities, Weirdness & Mutations

You have sharp claws.
You have razor-sharp teeth.
You have supernaturally acute eyesight. (SInv)
You cover ground quickly. (Speed+)
You are covered in thick fur. (AC +2)
Your paws help you pounce on unaware monsters.
You are incapable of wielding weapons or throwing items.
You cannot wear armour.
You gain extra lives every three experience levels.


Message History

Casting: Flame Wave (quite dangerous; 6% risk of failure)
Confirm with . or Enter, or press ? or * to list all spells.
Aiming: Searing Ray (safe; 1% risk of failure)
Press: ? - help, Shift-Dir - straight line, f/p - five-headed hydra
Aim: a five-headed hydra (lightly wounded, 94% to hit)
The searing ray hits the five-headed hydra!
The five-headed hydra is moderately wounded. (Press . to maintain the ray.)
The searing ray hits the five-headed hydra!
The five-headed hydra is moderately wounded.
Casting: Searing Ray (safe; 1% risk of failure)
Confirm with . or Enter, or press ? or * to list all spells.
The spell is quite dangerous to miscast (6% risk of failure)!
Continue anyway?
Casting: Flame Wave (quite dangerous; 6% risk of failure)
Press: ? - help, Dir - look around, f - activate A wave of flame ripples out! (Press . to intensify the flame waves.)
A wave of flame ripples out!
The flame wave engulfs the five-headed hydra.
The five-headed hydra is heavily wounded.
A wave of flame ripples out!
The flame wave engulfs the five-headed hydra!!
The five-headed hydra is severely wounded.
You finish channelling waves of flame.
The five-headed hydra misses you.
The five-headed hydra closely misses you.
The five-headed hydra bites you but does no damage.
The five-headed hydra bites you!
The five-headed hydra barely misses you.
Casting: Flame Wave (quite dangerous; 6% risk of failure)
Confirm with . or Enter, or press ? or * to list all spells.
Aiming: Searing Ray (safe; 1% risk of failure)
Press: ? - help, Shift-Dir - straight line, f - five-headed hydra
Aim: a five-headed hydra (severely wounded, 94% to hit)
The searing ray hits the five-headed hydra!
The five-headed hydra is severely wounded. (Press . to maintain the ray.)
The five-headed hydra misses you. The five-headed hydra bites you! x2
* * * LOW HITPOINT WARNING * * *
The five-headed hydra bites you!
You die...

# #### #.#.#
###..####
......#.......#
......D@#.###.##
..#####.### ##.#
### #.## ##.#
##.## # #.#.###
#. ##...#.##..
###.##..>.
#.......


You could see a five-headed hydra.

Vanquished Creatures
  Maurice (D:8)
  3 komodo dragons
  A wraith (D:5)
  A wyvern (D:7)
  A steam dragon (D:6)
  3 water moccasins
  An ice beast (D:6)
  An ogre (D:6)
  2 centaurs
  A kobold brigand (D:8)
  3 bullfrogs
  A gnoll sergeant (D:8)
  2 wights (D:8)
  7 killer bees
  6 howler monkeys
  2 electric eels (D:6)
  2 hounds (D:5)
  A jelly (D:4)
  3 orc priests
  A gnoll bouda (D:7)
  3 iguanas
  An orc wizard (D:3)
  A hell rat (Sewer)
  6 gnolls
  7 adders
  A white imp (D:6)
  3 ufetubi
  2 worms
  4 dart slugs
  12 orcs
  2 endoplasms (D:1)
  7 giant cockroaches
  9 goblins
  7 hobgoblins
  2 jackals (D:4)
  8 kobolds
  4 quokkas
  6 ball pythons
  9 bats
  5 frilled lizards
  10 rats
152 creatures vanquished.

Vanquished Creatures (others)
  An unseen horror (D:7)
  An adder (D:6)
  20 foxfires
  17 plants (D:9)
39 creatures vanquished.

Grand Total: 191 creatures vanquished

Notes
Turn   | Place    | Note
-------+----------+-------------------------------------------
     0 | D:1      | RogueRain17 the Felid Conjurer began the quest for the Orb.
     0 | D:1      | Reached XP level 1. HP: 7/7 MP: 4/4
   225 | D:1      | Reached XP level 2. HP: 4/11 MP: 0/6
   670 | D:1      | Found a faded altar of an unknown god.
  1261 | D:1      | Reached XP level 3. HP: 14/14 MP: 5/7
  2427 | D:2      | Identified a scroll of acquirement
  2427 | D:2      | Acquired the ring "Tixzing" {Drain +Blink Fly rCorr Int+4}
  2461 | D:3      | Learned a level 2 spell: Searing Ray
  2517 | D:3      | Reached XP level 4. HP: 18/18 MP: 3/8
  2992 | D:3      | Reached skill level 5 in Conjurations
  3544 | D:3      | Reached XP level 5. HP: 21/21 MP: 2/9
  3622 | D:4      | Found a sacrificial altar of Ru.
  3627 | D:4      | Found a staircase to the Ecumenical Temple.
  3636 | Temple   | Entered the Ecumenical Temple
  3636 | Temple   | Found a transporter.
  3636 | Temple   | Found a transporter.
  3638 | Temple   | Found a transporter.
  3638 | Temple   | Found a transporter.
  3655 | Temple   | Became a worshipper of Sif Muna the Loreminder
  4156 | D:4      | Reached skill level 5 in Stealth
  4587 | D:5      | Entered Level 5 of the Dungeon
  4686 | D:5      | Gained mutation: You are covered in thick fur. (AC +2)
                  | [Felid growth]
  4686 | D:5      | Reached XP level 6. HP: 14/24 MP: 0/10
  4822 | D:5      | Found an iron altar of Okawaru.
  4823 | D:5      | Noticed a wraith
  4852 | D:5      | Killed a wraith
  5048 | D:5      | Reached * piety under Sif Muna
  5103 | D:5      | Found a glowing drain.
  5107 | Sewer    | Entered a sewer
  5503 | D:5      | Reached XP level 7. HP: 27/27 MP: 7/11
  5672 | D:5      | Found Suyr's Distillery.
  5697 | D:5      | Found a glowing silver altar of Zin.
  5697 | D:5      | Noticed a yak
  5750 | D:5      | Noticed Pikel
  5989 | D:6      | Found a burning altar of Makhleb.
  5990 | D:6      | Found a hazy altar of Hepliaklqana.
  6035 | D:6      | Noticed a steam dragon
  6057 | D:6      | Killed a steam dragon
  6058 | D:6      | Reached skill level 1 in Invocations
  6489 | D:6      | Found Nott's Assorted Antiques.
  6595 | D:6      | Found a sparkling altar of Nemelex Xobeh.
  6874 | D:6      | Found an ornate altar of the Wu Jian Council.
  6986 | D:7      | Reached XP level 8. HP: 26/31 MP: 2/12
  8091 | D:7      | Noticed an unseen horror
  8290 | D:7      | Killed an unseen horror
  8291 | D:7      | Shot with an arrow by a centaur
  8292 | D:7      | Reached XP level 7. HP: -8/27 MP: 11/11
  8384 | D:7      | Noticed a dream sheep
  8384 | D:7      | Noticed a dream sheep
  8479 | D:7      | Shot with an arrow by a centaur
  8480 | D:7      | Reached XP level 6. HP: -10/24 MP: 5/10
  8592 | D:8      | Reached XP level 7. HP: 27/27 MP: 9/11
  8906 | D:8      | Learned a level 1 spell: Foxfire
  8993 | D:8      | Noticed a boulder beetle
  9333 | D:8      | Noticed Maurice
  9350 | D:8      | Killed Maurice
  9351 | D:8      | Reached skill level 1 in Fire Magic
  9351 | D:8      | Reached XP level 8. HP: 31/31 MP: 12/12
  9493 | D:8      | Noticed Maggie
  9845 | D:8      | Found a transporter.
  9845 | D:8      | Noticed Du3lingdragon's ghost (novice MiFi)
  9863 | D:8      | Noticed a moth of wrath
  9915 | D:8      | Found a transporter.
 10025 | D:9      | Found a radiant altar of Vehumet.
 10069 | D:9      | Identified the +6 quarterstaff "Tebosia" {vorpal, rF+++
                  | Str-5 Int+5}
 10510 | D:9      | Noticed a komodo dragon
 10521 | D:9      | Killed a komodo dragon
 10522 | D:9      | Reached skill level 10 in Stealth
 10522 | D:9      | Reached skill level 5 in Invocations
 10825 | D:8      | Reached XP level 9. HP: 6/34 MP: 5/13
 11270 | D:8      | Reached skill level 10 in Conjurations
 11390 | D:8      | Learned a level 4 spell: Flame Wave
 11529 | D:9      | Found a staircase to the Lair.
 11611 | D:10     | Entered Level 10 of the Dungeon
 11618 | D:10     | Noticed Harold
 11671 | D:10     | Reached ** piety under Sif Muna
 11672 | D:10     | Reached skill level 1 in Evocations
 11777 | D:10     | Noticed a komodo dragon
 11787 | D:10     | Killed a komodo dragon
 12206 | Lair:1   | Entered Level 1 of the Lair of Beasts
 12206 | Lair:1   | Noticed a komodo dragon
 12219 | Lair:1   | Killed a komodo dragon
 12415 | Lair:1   | Noticed a five-headed hydra
 12424 | Lair:1   | Slain by a five-headed hydra

Illustrated notes

Levels and vault maps discovered:
D:1:      erik_arrival_blinker_ship, layout_basic,
          dreamdust_ecumenical_altar_angels_and_demons
D:2:      layout_basic, grunt_ministairs_15
D:3:      layout_loops_cross
D:4:      layout_basic, nicolae_ru_sacrificial_ziggurat,
          minmay_temple_entry_sparse_star
D:5:      layout_loops_ring, gup_sewer_entry_spiral, serial_shops, shop,
          hangedman_feature_mirror, uniq_pikel
D:6:      layout_cave_pools, nicolae_wu_jian_immortal_techniques,
          nicolae_overflow_squiral, mainiacjoe_overflow_six_doors_small,
          serial_shops, nicolae_shop_hallway_plus, lemuel_flamethrower_2
D:7:      layout_basic, dreamdust_gnoll_shepherd
D:8:      layout_loops_ring, gammafunk_ghost_berserking_beasts, uniq_maggie,
          uniq_maurice
D:9:      layout_irregular_city, lemuel_crystal_altar, david_lair_shrubbed,
          skrybe_limestone_x
D:10:     layout_grid_maze, mainiacjoe_overflow_small_starburst,
          grunt_decor_resistance, uniq_harold, uniq_snorg
Temple:   hellmonk_temple_divided_pantheon
Lair:1:   layout_cave_pods, wad_woods_road_02, uniq_joseph

Skill      XL: |  1  2  3  4  5  6  7  8  9 |
---------------+----------------------------+-----
Stealth        | 3 4 5 6 9 10 | 10.0
Conjurations   | 4 5 6 9 8 10 | 10.0
Invocations    | 4 5 |  5.7
Fire Magic     | 1 2 3 |  3.5
Dodging        | 4 |  4.0
Evocations     | 2 |  2.2
Spellcasting   | |  2.0

Action                   |  1- 3 |  4- 6 |  7- 9 || total
-------------------------+-------+-------+-------++-------
Melee: Unarmed           |       |     5 |    13 ||    18
       Bite              |       |       |     4 ||     4
 Cast: Magic Dart        |    94 |    93 |   133 ||   320
       Searing Ray       |       |     9 |    38 ||    47
       Foxfire           |       |       |    12 ||    12
       Flame Wave        |       |       |     1 ||     1
Evoke: Wand              |       |     4 |    13 ||    17
  Use: Scroll            |     6 |     7 |     7 ||    20
       Potion            |       |       |     3 ||     3
 Stab: Paralysed         |       |       |     3 ||     3
       Sleeping          |       |       |     2 ||     2
Armor: Skin              |       |       |     7 ||     7
Dodge: Dodged            |     3 |    18 |    98 ||   119
